 Dungeon Crawl Stone Soup version 0.25.0-9-g26727b657a (webtiles) character file.

Game seed: 14763836248146032071

78 xccam the Insei (level 4, 0/28 HPs)
             Began as an Octopode Transmuter on June 17, 2020.
             Slain by a quokka (5 damage)
             ... on level 2 of the Dungeon.
             The game lasted 00:01:54 (1839 turns).

xccam the Insei (Octopode Transmuter)               Turns: 1839, Time: 00:01:55

Health: 0/28       AC:  1    Str: 10    XL:     4   Next: 36%
Magic:  7/7        EV: 13    Int: 15    God:
Gold:   74         SH:  0    Dex: 12    Spells: 6/7 levels left

rFire    . . .     SeeInvis .     - Unarmed
rCold    . . .     Gourm    .   (no shield)
rNeg     . . .     Faith    .   (helmet restricted)
rPois    .         Spirit   .   (no amulet)
rElec    .         Reflect  .   (no ring)
rCorr    .         Harm     .   (no ring)
MR       .....                  (no ring)
Stlth    ++........             (no ring)
HPRegen  0.09/turn              (no ring)
MPRegen  0.10/turn              (no ring)
                                (no ring)
                                (no ring)

@: lethally poisoned (0 -> -5), hasted, very quick
A: almost no armour, stealthy swim, amphibious, 8 rings, constrict 8, camouflage
1, gelatinous body 1
a: no special abilities


You were on level 2 of the Dungeon.
You were hungry.

You visited 1 branch of the dungeon, and saw 2 of its levels.

You collected 74 gold pieces.

Inventory:

Missiles
 a - 12 arrows
Armour
 e - a +0 kite shield
Scrolls
 b - 4 scrolls of teleportation {unknown}
 g - 5 scrolls of identify {unknown}
 h - 2 scrolls of blinking {unknown}
 i - a scroll of enchant armour {unknown}
 l - a scroll of magic mapping {unknown}
Comestibles
 c - 2 rations


   Skills:
 - Level 1.0 Fighting
 - Level 2.0 Dodging
 + Level 5.0 Unarmed Combat
 - Level 2.0 Spellcasting
 - Level 2.0 Transmutations


You had 6 spell levels left.
You knew the following spells:

 Your Spells              Type           Power        Failure   Level  Hunger
a - Beastly Appendage     Tmut           #.....       10%         1    #......

Your spell library contained the following spells:

 Spells                   Type           Power        Failure   Level  Hunger
 Sticks to Snakes         Tmut           #.......     14%         2    ###....
 Spider Form              Tmut/Pois      #.........   41%         3    ###....
 Ice Form                 Ice/Tmut       #.......     82%         4    #####..
 Blade Hands              Tmut           #.........   95%         5    ######.


Dungeon Overview and Level Annotations

Branches:
Dungeon (2/15)

Altars:
Trog


Innate Abilities, Weirdness & Mutations

You cannot wear most types of armour.
You are very stealthy in the water. (Stealth+)
You are amphibious.
You can wear up to eight rings at the same time.
You can use your tentacles to constrict eight enemies at once.
Your skin changes colour to match your surroundings (Stealth+).
Your rubbery body absorbs attacks. (AC +1, EV +1)


Message History

It was a potion of haste.
You feel yourself speed up.
You feel sick.
You feel sick.
You feel sick.
You feel sick.
You feel sick.
You feel sick.
* * * LOW HITPOINT WARNING * * *
You feel sick.
* * * LOW HITPOINT WARNING * * *
You feel sick.
* * * LOW HITPOINT WARNING * * *
You feel sick.
* * * LOW HITPOINT WARNING * * *
You feel sick.
Found 14 gold pieces.
* * * LOW HITPOINT WARNING * * *
You feel sick.
A quokka comes into view.
The quokka bites you.
You die...

##### #...## #r...#
############@..$#
#.............#.#
#.###########.#.# #.# ##
...# #.# ###. #..# #.#
...###.# #####.# #
#..#..###
......###.#.####......#
#####.....#...........####


You could see a quokka.

Vanquished Creatures
  2 adders (D:2)
  2 worms (D:2)
  2 dart slugs (D:1)
  3 leopard geckos (D:2)
  12 bats
  3 giant cockroaches
  6 goblins
  5 hobgoblins
  3 frilled lizards (D:1)
  5 kobolds
  4 rats
47 creatures vanquished.

Notes
Turn   | Place    | Note
-------+----------+-------------------------------------------
     0 | D:1      | xccam the Octopode Transmuter began the quest for the Orb.
     0 | D:1      | Reached XP level 1. HP: 13/13 MP: 3/3
    81 | D:1      | Reached XP level 2. HP: 18/18 MP: 5/5
   380 | D:1      | Reached skill level 4 in Unarmed Combat
   501 | D:1      | Reached XP level 3. HP: 23/23 MP: 6/6
   997 | D:2      | Found a bloodstained altar of Trog.
  1359 | D:2      | HP: 1/23 [kobold/+0 dagger (2)]
  1365 | D:2      | Reached XP level 4. HP: 7/28 MP: 7/7
  1816 | D:2      | Reached skill level 5 in Unarmed Combat
  1839 | D:2      | Slain by a quokka

Illustrated notes

Levels and vault maps discovered:
D:1:      co_arrival_random_square_maze, layout_basic
D:2:      layout_loops_ring, overflow_temple_1_default,
          overflow_temple_1_default, minmay_pentomino_s4

Skill      XL: |  1  2  3  4 |
---------------+-------------+-----
Unarmed Combat | 4 5 |  5.0
Fighting       | |  1.0
Dodging        | |  2.0
Spellcasting   | |  2.0
Transmutations | |  2.0

Action                   |  1- 3 |  4- 6 || total
-------------------------+-------+-------++-------
Melee: Unarmed           |    82 |    11 ||    93
       Constrict         |    22 |     1 ||    23
       Tentacles         |     7 |     1 ||     8
       Punch             |     7 |       ||     7
  Use: Potion            |     3 |     1 ||     4
 Stab: Sleeping          |     6 |       ||     6
  Eat: Chunk             |     1 |     1 ||     2
Armor: Skin              |    13 |     1 ||    14
Dodge: Dodged            |    45 |     5 ||    50
